 Dungeon Crawl Stone Soup version 0.17-a0-1528-gfee3901 (webtiles) character file.

6080 hexophile the Spear-Bearer (level 10, -2/83 HPs)
             Began as a Mummy Fighter on July 15, 2015.
             Was a Believer of Okawaru.
             Slain by a raiju (3 damage)
             ... on level 1 of the Abyss.
             The game lasted 00:24:17 (14009 turns).

hexophile the Spear-Bearer (Mummy Fighter)         Turns: 14009, Time: 00:24:17

Health: -2/83      AC: 18    Str: 22    XL:     10   Next: 58%
Magic:  10/10      EV: 11    Int:  6    God:    Okawaru [**....]
Gold:   324        SH:  9    Dex: 13    Spells: 0 memorised, 9 levels left

rFire  . . .     SeeInvis .     r - +1 trident (protect)
rCold  + . .     Clarity  .     p - +1 ring mail "Ladecwaonn" {rElec rN+++ rCorr Int-4}
rNeg   + + +     SustAt   .     c - +0 shield
rPois  ∞         Gourm    .     d - +0 helmet
rElec  +         Spirit   .     j - +1 cloak
rCorr  +         Warding  .     x - +2 pair of gloves
rMut   +         Stasis   .     w - +0 pair of boots (curse)
MR     +....                    f - amulet of resist mutation
Stlth  +.........               q - ring of protection from fire
                                v - +3 ring of strength

@: very slightly contaminated, somewhat resistant to hostile enchantments, very
unstealthy
A: no food or potions, fire vulnerability, cold resistance 1, negative energy
resistance 3, torment resistance, unbreathing
a: Heroism, Renounce Religion


You were on level 1 of the Abyss.
You worshipped Okawaru.
Okawaru was pleased with you.
You were not hungry.

You visited 2 branches of the dungeon, and saw 10 of its levels.
You visited the Abyss 1 time.
You also visited: Ossuary.

You collected 404 gold pieces.
You spent 80 gold pieces at shops.

Inventory:

Hand weapons
 r - a +1 trident of protection (weapon)
Armour
 c - a +0 shield (worn)
 d - a +0 helmet (worn)
 j - a +1 cloak (worn)
 p - the +1 ring mail "Ladecwaonn" (worn) {rElec rN+++ rCorr Int-4}
   (You found it on level 6 of the Dungeon)

   It affects your intelligence (-4).
   It insulates you from electricity.
   It renders you almost immune to negative energy.
   It protects you from acid and corrosion.
 w - a cursed +0 pair of boots (worn)
 x - a +2 pair of gloves (worn)
Jewellery
 f - an amulet of resist mutation (around neck)
 o - a +2 ring of dexterity
 q - a ring of protection from fire (right hand)
 s - an uncursed ring of sustain attributes
 v - a +3 ring of strength (left hand)
Magical devices
 a - a wand of digging (4)
 b - a wand of confusion (16)
 i - a wand of disintegration (0)
 k - a wand of random effects (0)
 t - a wand of magic darts (40)
Scrolls
 e - 3 scrolls of immolation
 g - 6 scrolls of remove curse
 h - 6 scrolls of identify
 n - a scroll of amnesia
 u - a scroll of enchant armour
Books
 z - a book of Enchantments

   Spells                             Type                      Level
   a - Cause Fear                     Hexes                        4
   b - Silence                        Hexes/Air                    5
   c - Deflect Missiles               Charms/Air                   6
   d - Haste                          Charms                       6
   e - Discord                        Hexes                        8


   Skills:
 * Level 9.4 Fighting
 - Level 10.0 Polearms
 - Level 2.4 Armour
 + Level 5.1 Dodging
 - Level 2.4 Shields


You had 9 spell levels left.
You didn't know any spells.

Dungeon Overview and Level Annotations

Branches:
Dungeon (9/15)             Temple (1/1) D:4
   Lair: D:8-11         Orc: D:9-12

Altars:
Ashenzari
Cheibriados
Dithmenos
Elyvilon
Fedhas
Gozag
Kikubaaqudgha
Makhleb
Nemelex Xobeh
Okawaru
Qazlal
Ru
Sif Muna
Trog
Vehumet
Xom
Yredelemnul
Zin
The Shining One

Shops:
D:7 [[!(

Annotations:
D:9 Erolcha, Maurice


Innate Abilities, Weirdness & Mutations

You do not eat or drink.
Your flesh is vulnerable to fire.
You are immune to poison.
Your flesh is cold resistant.
You are immune to negative energy.
You are immune to unholy pain and torment.
You can survive without breathing.


Message History

The living lightning misses you.
The raiju blinks!
An ice dragon zombie comes into view.
Unknown command.
You hit the ancient zyme.
The ancient zyme is lightly damaged.
You block the ufetubus's attack. x2
The wretched star pulses with an eldritch light!
The raiju twists and deforms.
The ancient zyme hits you.
* * * LOW HITPOINT WARNING * * *
The ancient zyme barely misses you.
A smoke demon comes into view.
Unknown command.
Unknown command.
You completely miss the ancient zyme.
The ancient zyme is lightly damaged.
You block the thrashing horror's attack.
The thrashing horror tramples you but does no damage.
The ufetubus hits you but does no damage.
The ufetubus barely misses you. The raiju bites you.
You die...

... .. .. #.. ..#
.Z# ..##..#
..##..# .. ......
..... ... .....
.... #*. #..# ..#
..
##.*##..##5.##..#
.*.X*.*wx@h......
.....*(.X.......3
#..##.X##..##..#
##..##X.##X.##..#
...........v.v.v
.........§......
##..##.X##XX##..
#..##.X##x.##..
.... ..XX.......


You could see 5 starcursed masses, a tentacled starspawn (inner flame), a
wretched star, a spatial vortex, an ancient zyme (inner flame), a thrashing
horror (inner flame), a smoke demon, a raiju (inner flame), a small abomination,
a starspawn tentacle, an ufetubus (inner flame) and an ice dragon zombie.

Vanquished Creatures
  Pikel (D:5)
  A sixfirhy (Abyss:1)
  A troll (D:8)
  Grinder (D:3)
  2 raiju (Abyss:1)
  Prince Ribbit (D:7)
  A starcursed mass (Abyss:1)
  2 ynoxinuls (Abyss:1)
  Eustachio (D:6)
  A human (D:8)
  Edmund (D:6)
  3 vampire mosquitoes (D:7)
  3 orc warriors
  An ice beast (D:9)
  9 ogres
  A phantom (D:7)
  2 centaurs
  2 giant frogs
  4 wights (D:8)
  4 centaur zombies
  3 hounds
  3 orc wizards
  5 crimson imps
  A human zombie (Ossuary)
  An iguana (D:7)
  Crazy Yiuf (D:3)
  4 giant frog skeletons
  3 orc priests
  A centaur skeleton (D:9)
  Terence (D:3)
  Natasha (thrice) (D:2)
  5 worker ants
  4 sheep (D:8)
  A big kobold zombie (Ossuary)
  4 mummies (Ossuary)
  9 adders
  4 gnolls
  2 shadow imps (D:5)
  4 oozes
  4 worms
  4 giant geckos
  24 orcs
  2 ball pythons
  6 bats
  8 giant cockroaches
  8 goblins
  17 hobgoblins
  A giant cockroach zombie (D:5)
  A giant gecko zombie (D:5)
  2 giant newts (D:5)
  2 hobgoblin zombies (Ossuary)
  15 jackals
  8 kobolds
  An orc zombie (Ossuary)
  6 quokkas
  A quokka skeleton (D:4)
  A quokka zombie (D:8)
  12 rats
224 creatures vanquished.

Vanquished Creatures (others)
  An orc wizard (D:6)
  An adder (D:5)
  A bat (D:5)
  A starspawn tentacle (Abyss:1)
  6 starspawn tentacle segments (Abyss:1)
10 creatures vanquished.

Grand Total: 234 creatures vanquished

Notes
Turn   | Place    | Note
--------------------------------------------------------------
     0 | D:1      | hexophile the Mummy Fighter began the quest for the Orb.
     0 | D:1      | Reached XP level 1. HP: 18/18 MP: 1/1
   204 | D:1      | Reached XP level 2. HP: 24/24 MP: 2/2
   570 | D:2      | Reached XP level 3. HP: 18/29 MP: 3/3
   899 | D:2      | Found a faded altar to an unknown god.
   932 | D:2      | Noticed Natasha
   941 | D:2      | Killed Natasha
  1109 | D:2      | Reached XP level 4. HP: 35/35 MP: 4/4
  1323 | D:2      | Noticed Natasha
  1334 | D:2      | Killed Natasha
  1334 | D:2      | Reached skill level 4 in Polearms
  1551 | D:2      | Noticed Natasha
  1560 | D:2      | Killed Natasha
  2865 | D:3      | Reached XP level 5. HP: 38/41 MP: 5/5
  2897 | D:3      | Noticed Grinder
  2909 | D:3      | Paralysed by Grinder for 7 turns
  2940 | D:3      | Paralysed by Grinder for 4 turns
  2944 | D:3      | Killed Grinder
  2944 | D:3      | Reached skill level 5 in Polearms
  2944 | D:3      | Reached XP level 6. HP: 4/47 MP: 6/6
  3717 | D:3      | Noticed Terence
  3718 | D:3      | Noticed Crazy Yiuf
  3732 | D:3      | Killed Terence
  3735 | D:3      | Paralysed by Crazy Yiuf for 3 turns
  3738 | D:3      | Killed Crazy Yiuf
  4234 | D:4      | Reached skill level 6 in Polearms
  4384 | D:4      | Found a sand-covered staircase.
  4393 | Ossuary  | Entered an ossuary
  4429 | Ossuary  | Reached XP level 7. HP: 25/52 MP: 7/7
  5509 | Ossuary  | Reached skill level 7 in Polearms
  5783 | D:4      | Found a staircase to the Ecumenical Temple.
  6055 | D:4      | HP: 2/52 [orc wizard/magic dart (11)]
  6061 | D:4      | HP: 1/52 [orc wizard/dagger (2)]
  6656 | D:5      | Entered Level 5 of the Dungeon
  6941 | D:5      | Reached XP level 8. HP: 11/58 MP: 8/8
  7225 | D:5      | Reached skill level 8 in Polearms
  7326 | D:5      | Found a sparkling altar of Nemelex Xobeh.
  7835 | D:5      | Noticed Pikel
  7867 | D:5      | Killed Pikel
  7867 | D:5      | Reached skill level 9 in Polearms
  8779 | D:6      | Noticed Edmund
  8803 | D:6      | Killed Edmund
  8803 | D:6      | Reached skill level 10 in Polearms
  8803 | D:6      | Reached XP level 9. HP: 36/63 MP: 9/9
  8815 | D:6      | Got a smoking ring mail
  8826 | D:6      | Identified the +1 ring mail "Ladecwaonn" {rElec rN+++ rCorr Int-4} (You found it on level 6 of the Dungeon)
  8958 | D:6      | Noticed Eustachio
  8969 | D:6      | Killed Eustachio
  9009 | D:6      | Found a deep blue altar of Sif Muna.
  9346 | D:4      | Reached skill level 1 in Dodging
  9401 | Temple   | Entered the Ecumenical Temple
  9487 | Temple   | Became a worshipper of Warmaster Okawaru
  9819 | D:7      | Found Ojava's Weapon Emporium.
  9823 | D:7      | Bought a +0 trident of protection for 80 gold pieces
  9946 | D:7      | Noticed Prince Ribbit
 10419 | D:7      | Reached skill level 5 in Fighting
 10741 | D:7      | Killed Prince Ribbit
 10741 | D:7      | Acquired Okawaru's first power
 11112 | D:7      | Found Urchunyor's Distillery.
 11207 | D:7      | Found Dukiar's Armour Boutique.
 11231 | D:7      | Found Esiarhuv's Antique Armour Shop.
 12044 | D:8      | Reached XP level 10. HP: 15/79 MP: 10/10
 13487 | D:9      | Noticed Maurice
 13488 | D:9      | Noticed Erolcha
 13493 | D:9      | Cast into the Abyss (Erolcha)
 13498 | Abyss:1  | Found a corrupted altar of Lugonu.
 13951 | Abyss:1  | Noticed a sixfirhy
 13960 | Abyss:1  | Killed a sixfirhy
 13973 | Abyss:1  | Noticed a starcursed mass
 13975 | Abyss:1  | Reached skill level 5 in Dodging
 13997 | Abyss:1  | Killed a starcursed mass
 14001 | Abyss:1  | Noticed a thrashing horror
 14004 | Abyss:1  | Noticed a spatial maelstrom
 14005 | Abyss:1  | Noticed a tentacled starspawn
 14005 | Abyss:1  | Noticed a wretched star
 14005 | Abyss:1  | HP: 2/83 [starcursed mass/accursed screaming (9)]
 14009 | Abyss:1  | Slain by a raiju

Vault maps used:
D:1:      dpeg_arrival_tiny_j
D:2:      first_bread, ecumenical_altar_2, uniq_natasha
D:3:      uniq_crazy_yiuf_cottage, uniq_grinder, uniq_terence
D:4:      minmay_temple_entry_from_below_b, nicolae_ossuary_entry_ruins
D:5:      lemuel_crystal_altar, uniq_pikel
D:6:      led_sif_book, uniq_edmund, uniq_eustachio
D:7:      serial_shops, shop, kennysheep_mini_moat, shop, nicolae_shop_trees,
          uniq_prince_ribbit1
D:8:      grunt_livestock
D:9:      uniq_erolcha, uniq_maurice
Temple:   grunt_circular_temple_18
Ossuary:  ossuary_crypta

Action                   |  1- 3 |  4- 6 |  7- 9 | 10-12 || total
-------------------------+-------+-------+-------+-------++-------
Melee: Trident           |    74 |   236 |   791 |   213 ||  1314
Invok: Heroism           |       |       |       |     4 ||     4
Evoke: Wand              |       |     8 |    28 |     3 ||    39
  Use: Scroll            |       |     6 |    15 |     4 ||    25
 Stab: Confused          |       |       |     5 |       ||     5
